 Dungeon Crawl Stone Soup version 0.18-a0-750-g37044d6 (webtiles) character file.

885 gorblad the Cudgeler (level 8, -11/88 HPs)
             Began as an Ogre Berserker on Dec 11, 2015.
             Was a Priest of Trog.
             Mangled by an ogre
             ... wielding a +0 giant club
              (26 damage)
             ... on level 4 of the Dungeon.
             The game lasted 00:07:36 (4149 turns).

gorblad the Cudgeler (Ogre Berserker)               Turns: 4149, Time: 00:07:36

Health: -11/88     AC:  4    Str: 25    XL:     8   Next: 5%
Magic:  8/8        EV: 15    Int:  6    God:    Trog [***...]
Gold:   300        SH:  0    Dex:  9    Spells: 0 memorised, 7 levels left

rFire  . . .     SeeInvis +     r - +0 giant club
rCold  . . .     Clarity  .     b - +1 animal skin
rNeg   . . .     SustAt   .     (shield currently unavailable)
rPois  .         Gourm    .     (helmet restricted)
rElec  .         Spirit   .     (no cloak)
rCorr  .         Dismiss  .     (gloves unavailable)
rMut   .         Stasis   .     (boots unavailable)
MR     .....                    (no amulet)
Stlth  +.........               e - ring of see invisible
                                i - +4 ring of evasion

@: not resistant to hostile enchantments, very unstealthy
A: unfitting armour, tough skin 1
a: Berserk, Trog's Hand, Burn Spellbooks, Renounce Religion


You were on level 4 of the Dungeon.
You worshipped Trog.
Trog was most pleased with you.
You were not hungry.

You visited 1 branch of the dungeon, and saw 4 of its levels.

You collected 300 gold pieces.

Inventory:

Hand Weapons
 q - a +1 morningstar
 r - a +0 giant club (weapon)
Armour
 b - a +1 animal skin (worn)
Jewellery
 e - a ring of see invisible (right hand)
 i - a +4 ring of evasion (left hand)
 v - an uncursed ring of protection from fire {unknown}
Scrolls
 f - a scroll of magic mapping
 h - a scroll of remove curse
 o - 2 scrolls of teleportation
 s - a scroll of fog {unknown}
Potions
 a - a potion of haste {unknown}
 d - 2 potions of resistance
 j - 2 potions of might {unknown}
 k - 2 potions of cancellation
 m - a potion of lignification
 n - a potion of curing
 p - a potion of mutation
 t - a potion of agility {unknown}
 u - 2 potions of berserk rage {unknown}
Comestibles
 c - 3 bread rations
 g - 9 chunks of flesh
 l - a meat ration
 w - a beef jerky


   Skills:
 + Level 7.7 Fighting
 + Level 7.8 Maces & Flails
 + Level 5.4 Dodging


You had 7 spell levels left.
You didn't know any spells.

Dungeon Overview and Level Annotations

Branches:
Dungeon (4/15)
 Temple: D:4-7

Altars:
Ashenzari
Pakellas
Trog


Innate Abilities, Weirdness & Mutations

You are too large for most types of armour.
You have tough skin (AC +1).


Message History

You bludgeon WhatIsLove's ghost!!
WhatIsLove's ghost is severely damaged.
The ogre closely misses you. WhatIsLove's ghost hits you!
You sock WhatIsLove's ghost!
WhatIsLove's ghost is almost destroyed.
The ogre hits you with a giant club! WhatIsLove's ghost barely misses you.
You bludgeon WhatIsLove's ghost!!
You destroy WhatIsLove's ghost!
Your Dodging skill increases to level 5!
You have reached level 8!
The ogre closely misses you.
You hit the ogre.
The ogre is lightly wounded.
The ogre hits you with a giant club!!
* * * LOW HITPOINT WARNING * * *
You are too injured to fight recklessly!
You are too injured to fight recklessly!
Drink which item? (? for menu, Esc to quit)
You feel better. The ogre hits you with a giant club!!
You die...

. ...#.##.####... .
#.##.##........ #.
#.#........##.#
#.######...#......##.#
#.........#..#..#.....
##......##.##....#...
#............>####..
#<.....<.#....# #..
###@........#.# ###
......O...#..##.#.# #
..........#.###.#.## #
............##..#..# #
.................#. #
.................#..
.....%...........##.
## .................#
.# ..#.......####.#


You could see an ogre.

Vanquished Creatures
  The ghost of WhatIsLove the Insei, a novice DgMo (D:4)
  Sigmund (D:3)
  Purgy (D:3)
  An ogre (D:4)
  A hound (D:4)
  An orc wizard (D:4)
  2 orc priests
  An iguana (D:4)
  5 adders
  2 worms (D:3)
  2 giant geckos
  10 orcs
  5 giant cockroaches
  8 hobgoblins
  8 kobolds
  4 bats
  6 giant newts
  5 goblins
  A quokka (D:3)
  4 rats
69 creatures vanquished.

Notes
Turn   | Place    | Note
--------------------------------------------------------------
     0 | D:1      | gorblad the Ogre Berserker began the quest for the Orb.
     0 | D:1      | Reached XP level 1. HP: 24/24 MP: 1/1
   110 | D:1      | Reached XP level 2. HP: 13/32 MP: 2/2
   565 | D:1      | Reached ** piety under Trog
   844 | D:1      | Reached XP level 3. HP: 38/40 MP: 3/3
  1233 | D:2      | Found a faded altar to an unknown god.
  2230 | D:3      | Noticed Purgy
  2248 | D:3      | Killed Purgy
  2248 | D:3      | Reached skill level 5 in Fighting
  2248 | D:3      | Reached skill level 5 in Maces & Flails
  2248 | D:3      | Reached XP level 4. HP: 4/50 MP: 4/4
  2248 | D:3      | Reached XP level 5. HP: 4/57 MP: 5/5
  2733 | D:3      | Noticed Sigmund
  2747 | D:3      | Killed Sigmund
  2747 | D:3      | Reached skill level 6 in Fighting
  2747 | D:3      | Reached XP level 6. HP: 26/67 MP: 6/6
  3399 | D:3      | Found a shattered altar of Ashenzari.
  3629 | D:4      | Reached XP level 7. HP: 46/76 MP: 7/7
  3821 | D:4      | Reached *** piety under Trog
  3842 | D:4      | Found a bloodstained altar of Trog.
  3854 | D:4      | Received a gift from Trog
  4034 | D:4      | Reached skill level 7 in Maces & Flails
  4065 | D:4      | Found an oddly glowing altar of Pakellas.
  4138 | D:4      | Noticed WhatIsLove's ghost (novice DgMo)
  4147 | D:4      | Killed WhatIsLove's ghost
  4147 | D:4      | Reached skill level 5 in Dodging
  4147 | D:4      | Reached XP level 8. HP: 28/88 MP: 8/8
  4149 | D:4      | Mangled by an ogre

Vault maps used:
D:1:      onia_arrival_pentagram, st_stairs_5, minivault_26
D:2:      ecumenical_altar_1
D:3:      nicolae_overflow_hidden_temple, uniq_sigmund, uniq_purgy
D:4:      lemuel_crystal_altar, elyvilon_altar_1, first_bread,
          grunt_pakellas_basics

Action                   |  1- 3 |  4- 6 |  7- 9 || total
-------------------------+-------+-------+-------++-------
Melee: Mace              |   106 |       |       ||   106
       Morningstar       |    36 |    57 |     1 ||    94
       Giant club        |       |       |    41 ||    41
Invok: Burn Spellbooks   |     1 |       |       ||     1
  Use: Scroll            |    10 |     4 |       ||    14
       Potion            |     1 |       |     1 ||     2
 Stab: Sleeping          |     1 |     1 |       ||     2
  Eat: Chunk             |     4 |     4 |     2 ||    10
